NCAA
MARYLAND TERRAPINS @ TENNESSEE VOLUNTEERS
02/02/1972
 
TOP OF THE 1ST
Maryland Terrapins batting - Pitching for Tennessee Volunteers : LHP Sean Parker
Pitching: LHP Sean Parker
Batting: RHB Joey Albertson 0-0: Ball
1-0: Foul Ball, location: 2F
1-1: Bunt for hit - play at first, batter OUT! 3-4
Batting: RHB Nick Prairie 0-0: Ball
1-0: Foul Ball, location: 2F
1-1: Called Strike
1-2: Ball
2-2: Strikes out looking
Batting: RHB Nate Kinyon 0-0: Ball
1-0: Fly out, F9 (Flyball, 9S)
Top of the 1st over - 0 runs, 0 hits, 0 errors, 0 left on base; Maryland 0 - Tennessee 0
BOTTOM OF THE 1ST
Tennessee Volunteers batting - Pitching for Maryland Terrapins : RHP Nick McCarrier
Pitching: RHP Nick McCarrier
Batting: RHB Gabe Hardesty 0-0: Ball
1-0: Ball
2-0: Called Strike
2-1: Called Strike
2-2: SINGLE (Line Drive, 8RS)
Batting: RHB Nate Clements 0-0: Called Strike
0-1: Ball
1-1: SINGLE (Groundball, 56D)
Gabe Hardesty to second
Batting: LHB Harry Broadnax 0-0: Called Strike
0-1: Ball
1-1: Ball
2-1: DOUBLE (Line Drive, 8LD)
Gabe Hardesty scores
Nate Clements to third
Runner from 3rd tries for Home, SAFE, no throw
Batting: RHB Andy Armour 0-0: Swinging Strike
0-1: Foul Ball, location: 2F
0-2: Ball
1-2: Strikes out swinging
Batting: RHB Byung-doo Shong 0-0: Ball
1-0: Ball
2-0: Ball
3-0: Base on Balls
Batting: RHB Mike Hooey 0-0: Ball
1-0: Called Strike
1-1: SINGLE (Groundball, 34D)
Harry Broadnax to third
Byung-doo Shong to second
Runner from 3rd tries for Home, throw and OUT!
Batting: RHB Andy LaFerla 0-0: Ground out U3 (Groundball, 34S)
Bottom of the 1st over - 2 runs, 4 hits, 0 errors, 2 left on base; Maryland 0 - Tennessee 2
TOP OF THE 2ND
Maryland Terrapins batting - Pitching for Tennessee Volunteers : LHP Sean Parker
Batting: RHB Jeremy Baer 0-0: Called Strike
0-1: Called Strike
0-2: Ball
1-2: Ball
2-2: Foul Ball, location: 2F
2-2: Strikes out swinging
Batting: LHB Josh Hancock 0-0: Ball
1-0: Called Strike
1-1: SINGLE (Groundball, 56) (infield hit)
Batting: RHB George Holmes 0-0: Called Strike
0-1: Called Strike
0-2: Ball
1-2: Foul Ball, location: 2F
1-2: Ball
2-2: Grounds into double play, 6-4-3 (Groundball, 6)
Top of the 2nd over - 0 runs, 1 hit, 0 errors, 0 left on base; Maryland 0 - Tennessee 2
BOTTOM OF THE 2ND
Tennessee Volunteers batting - Pitching for Maryland Terrapins : RHP Nick McCarrier
Batting: RHB Josh Sattler 0-0: Called Strike
0-1: Ball
1-1: Called Strike
1-2: Ball
2-2: Strikes out swinging
Batting: RHB Jayden Carpenter 0-0: Ball
1-0: Foul Ball, location: 2F
1-1: Ball
2-1: Fly out, F8 (Flyball, 89D)
Batting: RHB Gabe Hardesty 0-0: Ball
1-0: SINGLE (Groundball, 4MD)
Batting: RHB Nate Clements 0-0: Called Strike
0-1: Ball
1-1: Ball
2-1: Ball
3-1: Foul Ball, location: 2F
3-2: Foul Ball, location: 2F
3-2: Foul Ball, location: 2F
3-2: Base on Balls
Gabe Hardesty to second
Batting: LHB Harry Broadnax 0-0: Called Strike
0-1: Called Strike
0-2: Ball
1-2: Foul Ball, location: 2F
1-2: Ball
2-2: Ball
3-2: Foul Ball, location: 2F
3-2: Ground out 6-3 (Groundball, 6)
Bottom of the 2nd over - 0 runs, 1 hit, 0 errors, 2 left on base; Maryland 0 - Tennessee 2
TOP OF THE 3RD
Maryland Terrapins batting - Pitching for Tennessee Volunteers : LHP Sean Parker
Batting: LHB Mark Ward 0-0: SINGLE (Line Drive, 56D)
Batting: RHB Gabe Samborski 0-0: Called Strike
0-1: Ball
1-1: Swinging Strike
1-2: Ball
2-2: Strikes out looking
Batting: LHB Evan Carr 0-0: Swinging Strike
0-1: Foul Ball, location: 2F
0-2: SINGLE (Groundball, 34D)
Mark Ward to second
Runner from 2nd tries for 3rd, SAFE, no throw
Batting: RHB Joey Albertson 0-0: Ball
1-0: Called Strike
1-1: Ball
2-1: Foul Ball, location: 2F
2-2: Ground out U3 (Groundball, 3)
Mark Ward scores
Evan Carr to second
Batting: RHB Nick Prairie 0-0: Ball
1-0: Ball
2-0: Ball
3-0: Called Strike
3-1: Ground out 1-3 (Groundball, P)
Top of the 3rd over - 1 run, 2 hits, 0 errors, 1 left on base; Maryland 1 - Tennessee 2
BOTTOM OF THE 3RD
Tennessee Volunteers batting - Pitching for Maryland Terrapins : RHP Nick McCarrier
Batting: RHB Andy Armour 0-0: Ball
1-0: Called Strike
1-1: Ball
2-1: Ball
3-1: Called Strike
3-2: Foul Ball, location: 2F
3-2: Foul Ball, location: 2F
3-2: Base on Balls
Batting: RHB Byung-doo Shong 0-0: Ball
1-0: Ball
2-0: Ball
3-0: Called Strike
3-1: Base on Balls
Andy Armour to second
Batting: RHB Mike Hooey 0-0: SINGLE (Flyball, 89S)
Andy Armour to third
Byung-doo Shong to second
Runner from 3rd tries for Home, SAFE, throw made home
Batting: RHB Andy LaFerla 0-0: Ball
1-0: Ball
2-0: Foul Ball, location: 2F
2-1: Fly out, F8 (Line Drive, 78S)
Batting: RHB Josh Sattler 0-0: Ball
1-0: Called Strike
1-1: Ball
2-1: Foul Ball, location: 2F
2-2: Ground out 6-3 (Groundball, 6D)
Byung-doo Shong to third
Mike Hooey to second
Batting: RHB Jayden Carpenter 0-0: Ball
1-0: Ball
2-0: Foul Ball, location: 2F
2-1: Swinging Strike
2-2: Ball
3-2: Fly out, F9 (Flyball, 9LSF)
Bottom of the 3rd over - 1 run, 1 hit, 0 errors, 2 left on base; Maryland 1 - Tennessee 3
TOP OF THE 4TH
Maryland Terrapins batting - Pitching for Tennessee Volunteers : LHP Sean Parker
Batting: RHB Nate Kinyon 0-0: Ground out U3 (Groundball, 34)
Batting: RHB Jeremy Baer 0-0: Ball
1-0: Ball
2-0: Ball
3-0: Called Strike
3-1: Foul Ball, location: 2F
3-2: Foul Ball, location: 2F
3-2: Foul Ball, location: 2F
3-2: Fly out, F7 (Flyball, 7S)
Batting: LHB Josh Hancock 0-0: Swinging Strike
0-1: Ground out U3 (Groundball, 3)
Top of the 4th over - 0 runs, 0 hits, 0 errors, 0 left on base; Maryland 1 - Tennessee 3
BOTTOM OF THE 4TH
Tennessee Volunteers batting - Pitching for Maryland Terrapins : RHP Nick McCarrier
Batting: RHB Gabe Hardesty 0-0: Ball
1-0: Ball
2-0: Ball
3-0: Base on Balls
Batting: RHB Nate Clements 0-0: Called Strike
0-1: Foul Ball, location: 2F
0-2: Ball
1-2: Strikes out swinging
Batting: LHB Harry Broadnax 0-0: Ball
1-0: Ball
2-0: SINGLE (Line Drive, 34D)
Gabe Hardesty to second
Batting: RHB Andy Armour 0-0: Foul Ball, location: 2F
0-1: Ball
1-1: Fly out, F3 (Popup, 34S)
Batting: RHB Byung-doo Shong 0-0: Fly out, F3 (Popup, 34)
Bottom of the 4th over - 0 runs, 1 hit, 0 errors, 2 left on base; Maryland 1 - Tennessee 3
TOP OF THE 5TH
Maryland Terrapins batting - Pitching for Tennessee Volunteers : LHP Sean Parker
Batting: RHB George Holmes 0-0: Foul Ball, location: 2F
0-1: Ball
1-1: Foul Ball, location: 2F
1-2: Ball
2-2: Foul Ball, location: 2F
2-2: Foul Ball, location: 2F
2-2: Ball
3-2: Strikes out swinging
Batting: LHB Mark Ward 0-0: Ground out 1-3 (Groundball, 13)
Batting: RHB Gabe Samborski 0-0: Swinging Strike
0-1: SINGLE (Groundball, 6D)
Batting: LHB Evan Carr 0-0: Foul Ball, location: 2F
0-1: Foul Ball, location: 2F
0-2: Ground out 5-3 (Groundball, 56D)
Top of the 5th over - 0 runs, 1 hit, 0 errors, 1 left on base; Maryland 1 - Tennessee 3
BOTTOM OF THE 5TH
Tennessee Volunteers batting - Pitching for Maryland Terrapins : RHP Nick McCarrier
Batting: RHB Mike Hooey 0-0: Ball
1-0: Fly out, F9 (Flyball, 9)
Batting: RHB Andy LaFerla 0-0: Called Strike
0-1: Ball
1-1: Foul Ball, location: 2F
1-2: Foul Ball, location: 2F
1-2: SINGLE (Groundball, 56D)
Batting: RHB Josh Sattler 0-0: Ball
1-0: SINGLE (Groundball, 56D)
Andy LaFerla to second
Batting: RHB Jayden Carpenter 0-0: Called Strike
0-1: Ball
1-1: Called Strike
1-2: Fly out, F8 (Flyball, 89D)
Runner from 2nd tags up, SAFE at 3rd, no throw
Batting: RHB Gabe Hardesty 0-0: Ball
1-0: Called Strike
1-1: Ball
2-1: Ball
3-1: Base on Balls
Josh Sattler to second
Batting: RHB Nate Clements 0-0: DOUBLE (Line Drive, 7LM)
Andy LaFerla scores
Josh Sattler scores
Gabe Hardesty to third
Runner from 3rd tries for Home, SAFE, no throw
Batting: LHB Harry Broadnax 0-0: Called Strike
0-1: Ball
1-1: Fly out, F9 (Flyball, 9S)
Bottom of the 5th over - 3 runs, 3 hits, 0 errors, 1 left on base; Maryland 1 - Tennessee 6
TOP OF THE 6TH
Maryland Terrapins batting - Pitching for Tennessee Volunteers : LHP Sean Parker
Batting: RHB Joey Albertson 0-0: Ground out 1-3 (Groundball, 13)
Batting: RHB Nick Prairie 0-0: Ball
1-0: Called Strike
1-1: Foul Ball, location: 2F
1-2: Foul Ball, location: 2F
1-2: Strikes out swinging passed ball, reaches first!
Batting: RHB Nate Kinyon 0-0: Called Strike
0-1: SINGLE (Groundball, 56D)
Nick Prairie to second
Batting: RHB Jeremy Baer 0-0: Ball
1-0: Foul Ball, location: 2F
1-1: Ground out 5-3 (Groundball, 56S)
Nick Prairie to third
Nate Kinyon to second
Batting: LHB Josh Hancock 0-0: Called Strike
0-1: Ball
1-1: Ball
2-1: Ball
3-1: Swinging Strike
3-2: Strikes out swinging
Top of the 6th over - 0 runs, 1 hit, 0 errors, 2 left on base; Maryland 1 - Tennessee 6
BOTTOM OF THE 6TH
Tennessee Volunteers batting - Pitching for Maryland Terrapins : RHP Nick McCarrier
Pitching: RHP Alex Reyes
Batting: RHB Andy Armour 0-0: Ball
1-0: Ground out 4-3 (Groundball, 4)
Batting: RHB Byung-doo Shong 0-0: Ground out 6-3 (Groundball, 6)
Batting: RHB Mike Hooey 0-0: Called Strike
0-1: Ball
1-1: SINGLE (Line Drive, 9S)
Batting: RHB Andy LaFerla 0-0: Ball
1-0: Foul Ball, location: 2F
1-1: Hit by Pitch
Mike Hooey to second
Batting: RHB Josh Sattler 0-0: Ball
1-0: Ball
2-0: Ball
3-0: Called Strike
3-1: Base on Balls
Mike Hooey to third
Andy LaFerla to second
Batting: RHB Jayden Carpenter 0-0: Ball
1-0: Swinging Strike
1-1: Ball
2-1: Swinging Strike
2-2: Strikes out swinging
Bottom of the 6th over - 0 runs, 1 hit, 0 errors, 3 left on base; Maryland 1 - Tennessee 6
TOP OF THE 7TH
Maryland Terrapins batting - Pitching for Tennessee Volunteers : LHP Sean Parker
Batting: RHB George Holmes 0-0: Called Strike
0-1: Ball
1-1: DOUBLE (Flyball, 8LD)
Batting: LHB Mark Ward 0-0: Ball
1-0: Called Strike
1-1: Called Strike
1-2: Ground out 4-3 (Groundball, 4)
George Holmes to third
Batting: RHB Gabe Samborski 0-0: Foul Ball, location: 2F
0-1: Foul Ball, location: 2F
0-2: Foul Ball, location: 2F
0-2: Fly out, F8 (Flyball, 8LM)
Runner from 3rd tags up, SCORES, throw made
Batting: LHB Evan Carr 0-0: Ground out 4-3 (Groundball, 34D)
Top of the 7th over - 1 run, 1 hit, 0 errors, 0 left on base; Maryland 2 - Tennessee 6
BOTTOM OF THE 7TH
Tennessee Volunteers batting - Pitching for Maryland Terrapins : RHP Alex Reyes
Batting: RHB Gabe Hardesty 0-0: Called Strike
0-1: Ball
1-1: Ball
2-1: Foul Ball, location: 2F
2-2: Ball
3-2: Strikes out looking
Batting: RHB Nate Clements 0-0: Ball
1-0: Ball
2-0: Ball
3-0: Base on Balls
Batting: LHB Harry Broadnax 0-0: Called Strike
0-1: Ball
1-1: Foul Ball, location: 2F
1-2: Foul Ball, location: 2F
1-2: Foul Ball, location: 2F
1-2: Ball
2-2: DOUBLE (Line Drive, 7LM)
Nate Clements to third
Runner from 3rd tries for Home, SAFE, no throw
Batting: RHB Andy Armour 0-0: Ball
1-0: Foul Ball, location: 2F
1-1: Ball
2-1: Called Strike
2-2: Ball
3-2: Strikes out looking
Batting: RHB Byung-doo Shong 0-0: Ball
1-0: Swinging Strike
1-1: Swinging Strike
1-2: Foul Ball, location: 2F
1-2: Ground out 5-3 (Groundball, 56S)
Bottom of the 7th over - 1 run, 1 hit, 0 errors, 1 left on base; Maryland 2 - Tennessee 7
TOP OF THE 8TH
Maryland Terrapins batting - Pitching for Tennessee Volunteers : LHP Sean Parker
Batting: RHB Joey Albertson 0-0: Ball
1-0: Foul Ball, location: 2F
1-1: Swinging Strike
1-2: Ground out 6-3 (Groundball, 6)
Batting: RHB Nick Prairie 0-0: Foul Ball, location: 2F
0-1: Foul Ball, location: 2F
0-2: TRIPLE (Line Drive, 89D)
Pitching: LHP C.J. Hebert
Batting: RHB Nate Kinyon 0-0: Ground out 4-3 (Groundball, 4)
Nick Prairie scores
Batting: RHB Jeremy Baer 0-0: Called Strike
0-1: Foul Ball, location: 2F
0-2: Ball
1-2: SINGLE (Flyball, 8LS)
Batting: LHB Josh Hancock 0-0: Ball
1-0: Called Strike
1-1: Fielders Choice at 2nd, U4 (Groundball, 4M)
Top of the 8th over - 1 run, 2 hits, 0 errors, 1 left on base; Maryland 3 - Tennessee 7
BOTTOM OF THE 8TH
Tennessee Volunteers batting - Pitching for Maryland Terrapins : RHP Alex Reyes
Batting: RHB Mike Hooey 0-0: Ball
1-0: Ball
2-0: Ball
3-0: Base on Balls
Batting: RHB Andy LaFerla 0-0: Bunted foul
0-1: Sac Bunt - play at first, batter OUT! 3-4
Mike Hooey to second
Batting: RHB Josh Sattler 0-0: Intentional Walk
Batting: RHB Jayden Carpenter 0-0: Ball
1-0: Ball
2-0: Fly out, F9 (Flyball, 89S)
Batting: RHB Gabe Hardesty 0-0: Ball
1-0: Foul Ball, location: 2F
1-1: Ball
2-1: Ball
3-1: Base on Balls
Mike Hooey to third
Josh Sattler to second
Batting: RHB Nate Clements 0-0: Called Strike
0-1: Ball
1-1: Ball
2-1: SINGLE (Line Drive, 6M)
Mike Hooey scores
Josh Sattler to third
Gabe Hardesty to second
Runner from 3rd tries for Home, SAFE, throw made home
Batting: LHB Harry Broadnax 0-0: DOUBLE (Line Drive, 78XD)
Gabe Hardesty scores
Nate Clements to third
Batting: RHB Andy Armour 0-0: Ball
1-0: Ball
2-0: Ball
3-0: Base on Balls
Batting: RHB Byung-doo Shong 0-0: Ball
1-0: Fielders Choice at 2nd, 5-4 (Groundball, 56)
Bottom of the 8th over - 3 runs, 2 hits, 0 errors, 3 left on base; Maryland 3 - Tennessee 10
TOP OF THE 9TH
Maryland Terrapins batting - Pitching for Tennessee Volunteers : LHP C.J. Hebert
Batting: RHB George Holmes 0-0: Ball
1-0: Ball
2-0: Foul Ball, location: 2F
2-1: Ball
3-1: Base on Balls
Batting: LHB Mark Ward 0-0: Called Strike
0-1: Ball
1-1: SINGLE (Flyball, 8RM)
George Holmes to second
Batting: RHB Gabe Samborski 0-0: Ball
1-0: Ball
2-0: Ball
3-0: Called Strike
3-1: Base on Balls
George Holmes to third
Mark Ward to second
Batting: LHB Evan Carr 0-0: SINGLE (Line Drive, 6D)
George Holmes scores
Mark Ward to third
Gabe Samborski to second
Batting: RHB Joey Albertson 0-0: Ball
1-0: Swinging Strike
1-1: Ball
2-1: Foul Ball, location: 2F
2-2: Strikes out swinging
Batting: RHB Nick Prairie 0-0: Ball
1-0: Swinging Strike
1-1: Ball
2-1: Swinging Strike
2-2: Ground out 6-3 (Groundball, 6D)
Mark Ward scores
Gabe Samborski to third
Evan Carr to second
Batting: RHB Nate Kinyon 0-0: Foul Ball, location: 2F
0-1: Ball
1-1: Called Strike
1-2: Ball
2-2: Strikes out swinging
Top of the 9th over - 2 runs, 2 hits, 0 errors, 2 left on base; Maryland 5 - Tennessee 10
Friday, October 27th, 2017 - OOTP Baseball 18.8 Build 76